 Dungeon Crawl Stone Soup version 0.28.0-47-ge53b351184 (webtiles) character file.

Game seed: 10703886646441433283

39 Kangaroobicon the Skirmisher (level 3, -1/31 HPs)
             Began as a Palentonga Fighter on Apr 26, 2022.
             Killed from afar by Sigmund (9 damage)
             ... with a puff of flame
             ... on level 2 of the Dungeon.
             The game lasted 00:05:22 (898 turns).

Kangaroobicon the Skirmisher (Palentonga Fighter)    Turns: 898, Time: 00:05:23

Health: -1/31      AC:  6    Str: 19    XL:     3   Next: 28%
Magic:  3/3        EV:  7    Int:  8    God:
Gold:   57         SH:  0    Dex: 11    Spells: 2/2 levels left

rFire   . . .      SeeInvis +   a - +0 war axe
rCold   . . .      Faith    .   c - +0 buckler
rNeg    . . .      Spirit   .   b - +0 scale mail
rPois   .          Reflect  .   (no helmet)
rElec   .          Harm     .   (no cloak)
rCorr   .          Rampage  .   (no gloves)
Will    .....                   (no barding)
Stlth   ..........              (no amulet)
HPRegen 0.10/turn               (no ring)
MPRegen 0.08/turn               (no ring)

@: confused
A: large, rugged brown scales 3, see invisible, deformed body, roll 1, armoured
tail
a: Rolling Charge


You were on level 2 of the Dungeon.
You visited 1 branch of the dungeon, and saw 2 of its levels.

You collected 57 gold pieces.

Inventory:

Hand Weapons
 a - a +0 war axe (weapon)
Missiles
 j - 5 poisoned darts (quivered)
Armour
 b - a +0 scale mail (worn)
 c - a +0 buckler (worn)
Scrolls
 e - a scroll of teleportation {unknown}
 f - a scroll of identify {unknown}
 i - a scroll of fog {unknown}
Potions
 g - 2 potions of curing
 h - 2 potions of mutation {unknown}


   Skills:
 + Level 3.2 Fighting
 + Level 2.5 Axes
 * Level 0.3 Throwing
 + Level 2.8 Armour
 + Level 2.7 Shields


You had 2 spell levels left.
You didn't know any spells.
Your spell library contained the following spells:

 Spells                   Type           Power      Damage    Failure   Level
 Static Discharge         Conj/Air       0%         N/A       94%         2
 Dispel Undead            Necr           0%         3d6       100%        4
 Sticky Flame             Conj/Fire      0%         2d3       100%        4


Dungeon Overview and Level Annotations

Branches:
Dungeon (2/15)

Altars:

Annotations:
D:2 Sigmund


Innate Abilities, Weirdness & Mutations

You are completely covered in rugged brown scales. (AC +3, +7% HP)
You have supernaturally acute eyesight. (SInv)
Armour fits poorly on your strangely shaped body.
You can roll at nearby foes to attack.
You have a long armoured tail.


Message History

Increase (S)trength, (I)ntelligence, or (D)exterity?
You feel agile. x2
Things that are here:
a +0 hand axe; a +0 scale mail; the human corpse of Terence You start resting.
You feel a little less mighty now.
You start resting.
HP restored.
Sigmund the Dreaded comes into view.
He is wielding a +0 scythe and wearing a +0 robe of willpower.
Sigmund shouts!
Sigmund gestures at you while chanting.
You are confused.
You bump into the rock wall.
Sigmund casts a spell.
Sigmund flickers and vanishes for a moment.
You bump into the rock wall.
Sigmund hits you from afar with a +0 scythe.
You feel less confused.
You closely miss Sigmund. You tail-slap Sigmund.
Sigmund is lightly wounded.
Sigmund completely misses you.
You barely miss Sigmund.
Sigmund is lightly wounded.
Sigmund gestures at you while chanting.
You are confused.
Sigmund closely misses you.
You bump into the rock wall.
You closely miss Sigmund.
Sigmund is lightly wounded.
Sigmund's eyes start glowing with a red light.
Sigmund hits you with a +0 scythe!
You slash Sigmund!
Sigmund is heavily wounded.
Sigmund hits you with a +0 scythe.
* * * LOW HITPOINT WARNING * * *
You barely miss Sigmund.
Sigmund is heavily wounded.
Sigmund gestures at you while chanting. The puff of flame hits you!
You die...

########## #.@.......
##@######## ###..#
##....######
#...........
#############.)..####.#
............#.#..#
##.###.####.#.#..# #.#
#.# #.#.#..# #.#
#.####.#.#..#


You could see Sigmund (invisible).

Vanquished Creatures
  Terence (D:2)
  A worm (D:2)
  A dart slug (D:1)
  A giant cockroach (D:1)
  2 ball pythons (D:1)
  3 bats
  2 kobolds
  2 rats (D:1)
13 creatures vanquished.

Notes
Turn   | Place    | Note
-------+----------+-------------------------------------------
     0 | D:1      | Kangaroobicon the Palentonga Fighter began the quest for
                  | the Orb.
     0 | D:1      | Reached XP level 1. HP: 19/19 MP: 1/1
   335 | D:1      | Reached XP level 2. HP: 25/25 MP: 2/2
   686 | D:2      | Noticed Terence
   697 | D:2      | Killed Terence
   698 | D:2      | Reached XP level 3. HP: 13/31 MP: 3/3
   884 | D:2      | Noticed Sigmund
   898 | D:2      | Killed from afar by Sigmund

Illustrated notes

Levels and vault maps discovered:
D:1:      amcnicky_arrival_single_pillar, layout_rooms
D:2:      layout_loops_ring, shapermc_ecumenical_altar_notcrosses, uniq_terence,
          uniq_sigmund

Action                   || total
-------------------------++-------
Melee: War axe           ||    49
       Tailslap          ||     6
  Use: Potion            ||     1
Armor: Scale mail        ||    23
Dodge: Dodged            ||    13
Block: Buckler           ||    10
